 Dungeon Crawl Stone Soup version 0.28-a0-1312-g71652a0310 (webtiles) character file.

Game seed: 17478660723603945362

75905 porpoise the Eclecticist (level 15, 0/86 HPs)
             Began as a Deep Elf Conjurer on Dec 27, 2021.
             Was a High Priest of Vehumet.
             Slain by a white ugly thing (28 damage)
             ... on level 6 of the Lair of Beasts.
             The game lasted 02:24:59 (31358 turns).

porpoise the Eclecticist (Deep Elf Conjurer)       Turns: 31358, Time: 02:25:00

Health: 0/86       AC: 16    Str:  8    XL:     15   Next: 11%
Magic:  38/45      EV: 15    Int: 27    God:    Vehumet [*****.]
Gold:   1009       SH:  6    Dex: 13    Spells: 21/45 levels left

rFire   . . .      SeeInvis .   b - +1 hunting sling
rCold   . . .      Faith    .   Q - +1 buckler {AC+3}
rNeg    . . .      Spirit   .   y - +2 robe {Will+}
rPois   .          Reflect  .   w - +1 helmet
rElec   .          Harm     .   R - +0 cloak
rCorr   .          Rampage  .   P - +0 pair of gloves
Will    ++...                   M - +0 pair of boots
Stlth   +++++.....              i - amulet of regeneration
HPRegen 1.04/turn               A - ring of magical power
MPRegen 0.29/turn               c - +4 ring of protection

@: no status effects
A: no striking features
a: Renounce Religion


You were on level 6 of the Lair of Beasts.
You worshipped Vehumet.
Vehumet was extremely pleased with you.
You visited 3 branches of the dungeon, and saw 22 of its levels.
You also visited: Bailey.

You collected 1281 gold pieces.
You spent 272 gold pieces at shops.

Inventory:

Hand Weapons
 a - the +8 rapier "Pagetyij" {flame, rC+}
   (You found it on level 8 of the Dungeon)

   It burns those it strikes, dealing additional fire damage.
   rC:        It protects you from cold.
 b - a +1 hunting sling (weapon)
Missiles
 e - 5 atropa-tipped darts
 p - 59 sling bullets (quivered ammo)
 Y - a curare-tipped dart (quivered)
Armour
 w - a +1 helmet (worn)
 y - a +2 robe of willpower (worn)
 M - a +0 pair of boots (worn)
 P - a +0 pair of gloves (worn)
 Q - a +1 buckler of protection (worn)
 R - a +0 cloak (worn)
Jewellery
 c - a +4 ring of protection (right hand)
 i - an amulet of regeneration (around neck)
 n - a ring of flight
 s - a ring of positive energy
 A - a ring of magical power (left hand)
 J - a ring of see invisible
Wands
 d - a wand of iceblast (10)
 k - a wand of flame (34)
 r - a wand of polymorph (13)
 u - a wand of paralysis (3)
 E - a wand of mindburst (10)
 S - a wand of charming (2)
Scrolls
 g - 2 scrolls of blinking
 j - 6 scrolls of teleportation
 o - a scroll of magic mapping {unknown}
 v - 2 scrolls of vulnerability
 C - 6 scrolls of fog
 G - a scroll of holy word {unknown}
 K - a scroll of brand weapon {unknown}
 L - 2 scrolls of summoning
 N - a scroll of silence {unknown}
Potions
 h - 3 potions of resistance
 l - 3 potions of haste
 x - 6 potions of heal wounds
 B - 2 potions of lignification
 H - 5 potions of magic
 I - a potion of attraction
 O - 2 potions of invisibility
 U - 4 potions of curing
Miscellaneous
 f - a phantom mirror
 F - a phial of floods


   Skills:
 - Level 7.0 Fighting
 - Level 3.5 Armour
 - Level 7.0 Dodging
 - Level 12.0 Stealth
 - Level 4.0 Shields
 * Level 15.7 Spellcasting
 - Level 12.0 Conjurations
 - Level 12.0 Hexes
 - Level 7.0 Translocations
 - Level 7.0 Transmutations
 * Level 9.4 Earth Magic
 + Level 7.6 Evocations


You had 21 spell levels left.
You knew the following spells:

 Your Spells              Type           Power      Damage    Failure   Level
b - Searing Ray           Conj           100%       2d8       1%          2
c - Fulminant Prism       Conj/Hex       36%        3d18      1%          4
d - Iskenderun's Mystic   Conj/Tloc      64%        2d13      1%          4
e - Iron Shot             Conj/Erth      34%        9d7       1%          6
s - Stone Arrow           Conj/Erth      100%       3d13      1%          3
y - Yara's Violent Unrav  Hex/Tmut       32%        3d13      1%          5

Your spell library contained the following spells:

 Spells                   Type           Power      Damage    Failure   Level
 Lee's Rapid Deconstruct  Erth           32%        3d17*     1%          5
 Magic Dart               Conj           100%       1d8       0%          1
 Foxfire                  Conj/Fire      100%       2x1d9     1%          1
 Sandblast                Erth           100%       2d20      1%          1
 Passwall                 Tmut/Erth      50%        N/A       1%          2
 Conjure Flame            Conj/Fire      52%        6-21      1%          3
 Dazzling Flash           Conj/Hex       100%       N/A       1%          3
 Gell's Gravitas          Tloc           56%        N/A       1%          3
 Inner Flame              Hex/Fire       52%        N/A       1%          3
 Lesser Beckoning         Tloc           56%        N/A       1%          3
 Portal Projectile        Hex/Tloc       100%       N/A       1%          3
 Teleport Other           Tloc           56%        N/A       1%          3
 Tukima's Dance           Hex            72%        N/A       1%          3
 Cause Fear               Hex            36%        N/A       1%          4
 Flame Wave               Conj/Fire      52%        2d9       1%          4
 Leda's Liquefaction      Hex/Erth       34%        N/A       1%          4
 Passage of Golubria      Tloc           56%        N/A       1%          4
 Corpse Rot               Necr/Air       42%        N/A       3%          2
 Metabolic Englaciation   Hex/Ice        26%        N/A       5%          5
 Silence                  Hex/Air        26%        N/A       5%          5
 Summon Mana Viper        Hex/Summ       52%        N/A       5%          5
 Call Canine Familiar     Summ           21%        N/A       7%          3
 Ozocubu's Armour         Ice            21%        N/A       7%          3
 Summon Forest            Summ/Tloc      20%        N/A       16%         5
 Lehudib's Crystal Spear  Conj/Erth      34%        10d9      41%         8
 Discord                  Hex            36%        N/A       75%         8
 Simulacrum               Ice/Necr       10%        N/A       98%         6
 Summon Cactus Giant      Summ           10%        N/A       98%         6
 Ignition                 Fire           10%        3d5       100%        8
 Fire Storm               Conj/Fire      26%        8d7       100%        9


Dungeon Overview and Level Annotations

Branches:
Dungeon (15/15)            Temple (1/1) D:6            Lair (6/6) D:10
 Shoals (0/4) Lair:4       Spider (0/4) Lair:3        Slime (0/5) Lair:5
    Orc (0/2) D:10         Vaults (0/5) D:14         Depths (0/4) D:15
 Bailey (visited)

Altars:
Ashenzari
Cheibriados
Dithmenos
Elyvilon
Fedhas
Gozag
Hepliaklqana
Kikubaaqudgha
Makhleb
Nemelex Xobeh
Okawaru
Qazlal
Ru
Sif Muna
Trog
Uskayaw
Vehumet
Wu Jian
Xom
Yredelemnul
Zin
The Shining One

Shops:
D:12 [   D:15 *

Portals:
Trove: D:10 (show slimy rune of Zot)


Message History

You hear a roar!
You hear a loud, deep croak! x2; You hear a croak.
You hear a roar! x2; You hear a shout.
You hear a croak.
Blink to where?
Press: ? - help, Dir - move target
As you read the scroll of blinking, it crumbles to dust.
Your fulminant prism crackles loudly.
Your fulminant prism explodes!
The blast of energy engulfs the white ugly thing!!
The white ugly thing is heavily wounded.
The blast of energy engulfs the blink frog!!
The blink frog is severely wounded.
The blast of energy engulfs the blink frog!!!
You kill the blink frog!
Vehumet accepts your kill.
You feel your power returning.
You hear a roar!
Casting: Fulminant Prism (safe; 1% risk of failure)
Confirm with . or Enter, or press ? or * to list all spells.
Aiming: Fulminant Prism (safe; 1% risk of failure)
Press: ? - help, Dir - move target You conjure a prism of explosive energy!
A fulminant prism comes into view.
The white ugly thing tentacle-slaps you.
* * * LOW HITPOINT WARNING * * *
The white ugly thing freezes you!
* * * LOW HITPOINT WARNING * * *
The blink frog hits your fulminant prism.
Your fulminant prism explodes!
The blast of energy engulfs the blink frog!!
You kill the blink frog!
Vehumet accepts your kill.
You feel your power returning.
You hear a bellow!
You feel much better. The white ugly thing misses you.
The elephant tramples you but does no damage.
You block the elephant's attack.
Your fulminant prism crackles loudly.
The white ugly thing tentacle-slaps you.
The white ugly thing freezes you!!
You die...

#....$......#
##...........#
#.............
##.............
#..............
...............
##..............
........@u......
##...÷÷DYY......
#......÷Y.......
.♣.
###.....<*......
...
#........†÷.....
...
..##...........
.#
#.....#..÷..##.
#
#.P........#...
#####.#....§...


You could see a seven-headed hydra, 3 elephants, a white ugly thing and a
friendly fulminant prism.

Vanquished Creatures
  A frost giant (D:15)
  3 boulder beetles
  8 vault guards (D:14)
  Erolcha (D:9)
  6 hydras
  8 centaur warriors
  4 two-headed ogres
  2 tengu warriors (D:15)
  Nergalle (Lair:4)
  5 skeletal warriors
  An orc knight (D:15)
  A wolf spider (Lair:3)
  2 oklob plants (Lair:5)
  2 deep elf pyromancers
  A cyclops (D:13)
  An orc sorcerer (D:15)
  12 ugly things
  2 manticores
  9 elephants (Lair:5)
  5 black mambas
  12 cane toads
  A gargoyle (D:12)
  2 torpor snails (Lair:1)
  A freezing wraith (D:15)
  4 efreet
  A rime drake (Lair:2)
  4 tengu conjurers
  9 komodo dragons
  An ancient zyme (Lair:5)
  A yaktaur (D:14)
  5 polar bears
  4 trolls
  2 meliai (shapeshifter)
  18 blink frogs
  A hornet (shapeshifter) (D:15)
  3 slime creatures
  2 dream sheep (Lair:1)
  A snapping turtle (shapeshifter) (D:15)
  A spriggan (shapeshifter) (Lair:6)
  A jumping spider (Lair:3)
  6 spriggans (Bailey)
  A vampire (D:9)
  8 wyverns
  A wraith (D:11)
  60 yaks
  7 basilisks
  A chaos spawn (D:12)
  3 fire bats (Lair:3)
  3 redbacks (Lair:3)
  4 vampire mosquitoes
  Menkaure (D:5)
  Edmund (D:5)
  3 acid dragons
  12 water moccasins
  2 small abominations
  2 black bears (D:10)
  2 ice beasts (D:7)
  9 orc warriors
  8 ogres
  5 centaurs
  19 wolves
  3 phantoms
  2 kobold brigands
  10 bullfrogs
  A gnoll sergeant (D:5)
  2 scorpions
  A wyvern zombie (D:9)
  A water moccasin skeleton (D:7)
  2 howler monkeys
  5 wights (D:9)
  3 electric eels
  2 centaur zombies
  A quasit (D:12)
  5 hounds
  8 orc priests
  A jelly (D:5)
  5 iguanas
  10 orc wizards
  A howler monkey skeleton (D:7)
  4 adders
  7 gnolls
  3 ufetubi
  2 worms (D:3)
  3 dart slugs
  42 orcs
  11 ball pythons
  5 endoplasms
  2 giant cockroaches
  9 goblins
  8 hobgoblins
  10 jackals
  3 quokkas
  5 bats
  4 frilled lizards
  15 kobolds
  3 rats
  A fulminant prism (D:13)
507 creatures vanquished.

Vanquished Creatures (others)
  An unseen horror (shapeshifter) (D:14)
  167 fulminant prisms
  91 fungi
  95 plants
354 creatures vanquished.

Grand Total: 861 creatures vanquished

Notes
Turn   | Place    | Note
-------+----------+-------------------------------------------
     0 | D:1      | porpoise the Deep Elf Conjurer began the quest for the Orb.
     0 | D:1      | Reached XP level 1. HP: 10/10 MP: 6/6
   304 | D:1      | Reached XP level 2. HP: 15/15 MP: 5/8
   309 | D:1      | Learned a level 2 spell: Searing Ray
   681 | D:1      | Reached XP level 3. HP: 19/19 MP: 6/10
   723 | D:1      | Found a faded altar of an unknown god.
  1067 | D:1      | Reached skill level 4 in Spellcasting
  1378 | D:2      | Reached skill level 5 in Conjurations
  2283 | D:3      | Reached XP level 4. HP: 24/24 MP: 5/12
  2354 | D:3      | Learned a level 4 spell: Fulminant Prism
  2359 | D:3      | Learned a level 4 spell: Iskenderun's Mystic Blast
  2390 | D:3      | Found a white marble altar of Elyvilon.
  2742 | D:3      | Reached skill level 1 in Hexes
  2864 | D:3      | Reached skill level 5 in Spellcasting
  2865 | D:3      | Reached XP level 5. HP: 27/28 MP: 5/14
  3132 | D:4      | Found a sacrificial altar of Ru.
  3132 | D:4      | Noticed a phantom
  3143 | D:4      | Killed a phantom
  3230 | D:4      | Noticed a phantom
  3247 | D:4      | Killed a phantom
  3248 | D:4      | Reached skill level 6 in Spellcasting
  3248 | D:4      | Reached XP level 6. HP: 21/32 MP: 0/17
  3673 | D:4      | Found a bloodstained altar of Trog.
  4154 | D:5      | Entered Level 5 of the Dungeon
  4519 | D:5      | Reached XP level 7. HP: 36/36 MP: 16/19
  4577 | D:5      | Reached skill level 5 in Stealth
  4577 | D:5      | Reached skill level 7 in Spellcasting
  4577 | D:5      | Reached skill level 5 in Hexes
  4832 | D:5      | Noticed Menkaure
  4837 | D:5      | Killed Menkaure
  4838 | D:5      | Reached skill level 1 in Translocations
  5007 | D:5      | Noticed Edmund
  5017 | D:5      | Killed Edmund
  5326 | D:5      | Reached XP level 8. HP: 41/41 MP: 15/20
  6018 | D:6      | Found a staircase to the Ecumenical Temple.
  6148 | Temple   | Entered the Ecumenical Temple
  6392 | D:6      | Found a radiant altar of Vehumet.
  6426 | D:6      | Became a worshipper of Vehumet
  6428 | D:6      | HP: 2/41 [something (22)]
  6814 | D:6      | Found a shimmering blue altar of Sif Muna.
  6827 | D:6      | Reached skill level 5 in Translocations
  6838 | D:6      | Learned a level 3 spell: Stone Arrow
  6967 | D:6      | Reached skill level 1 in Earth Magic
  7630 | D:7      | Reached XP level 9. HP: 45/45 MP: 17/21
  7846 | D:7      | Found a flagged portal.
  7871 | Bailey   | Entered a bailey
  7909 | Bailey   | Reached skill level 5 in Earth Magic
  7921 | Bailey   | Reached skill level 1 in Fighting
  7951 | Bailey   | Reached skill level 1 in Evocations
  8093 | Bailey   | Reached skill level 8 in Spellcasting
  8234 | Bailey   | Reached * piety under Vehumet
  8234 | Bailey   | Offered knowledge of Foxfire by Vehumet.
  8321 | Bailey   | Reached skill level 9 in Spellcasting
  8344 | Bailey   | Noticed a two-headed ogre
  8349 | Bailey   | Killed a two-headed ogre
  8350 | Bailey   | Reached XP level 10. HP: 56/56 MP: 2/25
  8969 | D:7      | Reached skill level 10 in Spellcasting
 10011 | D:8      | Found a blossoming altar of Fedhas.
 10235 | D:8      | Identified the +8 rapier "Pagetyij" {flame, rC+}
 10266 | D:8      | Found a hide-covered altar of Uskayaw.
 10266 | D:8      | Found a burning altar of Makhleb.
 10475 | D:8      | Learned a level 5 spell: Yara's Violent Unravelling
 10493 | D:8      | Found a broken altar of Ashenzari.
 10734 | D:9      | Reached skill level 5 in Fighting
 10734 | D:9      | Reached skill level 11 in Spellcasting
 11028 | D:9      | Reached skill level 1 in Armour
 11081 | D:9      | Reached skill level 5 in Evocations
 11083 | D:9      | Offered knowledge of Scorch by Vehumet.
 11086 | D:9      | Reached ** piety under Vehumet
 11240 | D:9      | Noticed Erolcha
 11250 | D:9      | Killed Erolcha
 11251 | D:9      | Reached skill level 12 in Spellcasting
 11327 | D:9      | Identified 2 scrolls of acquirement
 11327 | D:9      | Acquired a +1 buckler of protection
 11341 | D:9      | Acquired the Incunabulum of Sinister Heat
 11418 | D:9      | Found a hazy altar of Hepliaklqana.
 11500 | D:9      | Noticed a two-headed ogre
 11501 | D:9      | Reached skill level 1 in Transmutations
 11511 | D:9      | Killed a two-headed ogre
 11512 | D:9      | Reached skill level 1 in Shields
 11512 | D:9      | Reached XP level 11. HP: 60/63 MP: 11/29
 11779 | D:10     | Entered Level 10 of the Dungeon
 12056 | D:10     | Found a portal to a secret trove of treasure.
 12786 | D:10     | Found a staircase to the Lair.
 12805 | D:10     | Reached skill level 5 in Transmutations
 13342 | D:10     | Found a sparkling altar of Nemelex Xobeh.
 13379 | D:10     | Offered knowledge of Poisonous Vapours by Vehumet.
 13403 | D:10     | Found an ornate altar of the Wu Jian Council.
 13727 | D:10     | Found a staircase to the Orcish Mines.
 14225 | Lair:1   | Entered Level 1 of the Lair of Beasts
 15102 | Lair:1   | Reached *** piety under Vehumet
 15357 | Lair:1   | Noticed a six-headed hydra
 15371 | Lair:1   | Killed a six-headed hydra
 15489 | Lair:1   | Reached XP level 12. HP: 68/68 MP: 27/30
 15701 | Lair:1   | Offered knowledge of Frozen Ramparts by Vehumet.
 16937 | Lair:2   | Reached **** piety under Vehumet
 16981 | Lair:2   | You fall into a shaft and drop 2 floors!
 17099 | Lair:4   | Noticed Nergalle
 17119 | Lair:3   | Offered knowledge of Iskenderun's Battlesphere by Vehumet.
 17119 | Lair:3   | Noticed a five-headed hydra
 17230 | Lair:3   | Noticed a five-headed hydra
 17234 | Lair:3   | Killed a five-headed hydra
 17342 | Lair:3   | Killed a five-headed hydra
 17509 | Lair:3   | Reached skill level 13 in Spellcasting
 18431 | Lair:3   | Reached skill level 10 in Stealth
 18824 | Lair:3   | Reached XP level 13. HP: 76/76 MP: 18/32
 18828 | Lair:3   | Reached skill level 14 in Spellcasting
 19047 | Lair:3   | Upgraded the game from 0.28-a0-1286-g6bde065e89 to
                  | 0.28-a0-1312-g71652a0310
 19078 | Lair:3   | Reached skill level 5 in Dodging
 19098 | Lair:3   | Found a hole to the Spider Nest.
 19441 | Lair:4   | Reached ***** piety under Vehumet
 19441 | Lair:4   | Offered knowledge of Iron Shot by Vehumet.
 19598 | Lair:4   | Killed Nergalle
 20367 | Lair:4   | Found a staircase to the Shoals.
 20587 | Lair:5   | Found a staircase to the Slime Pits.
 23310 | D:11     | Reached skill level 10 in Hexes
 23439 | D:11     | Learned a level 6 spell: Iron Shot
 23532 | D:11     | Identified the -1 buckler of the Gloaming {Dex+6}
 24150 | D:12     | Reached skill level 10 in Conjurations
 24186 | D:12     | Found Wexkuz's Antique Armour Shoppe.
 25264 | D:13     | Offered knowledge of Eringya's Noxious Bog by Vehumet.
 25279 | D:13     | Reached XP level 14. HP: 17/82 MP: 25/34
 27442 | D:14     | Found a gate to the Vaults.
 27746 | D:14     | Found a shimmering altar of Xom.
 27748 | D:14     | Found a shimmering altar of Xom.
 27748 | D:14     | Found an iron altar of Okawaru.
 27750 | D:14     | Found a sacrificial altar of Ru.
 27750 | D:14     | Found an iron altar of Okawaru.
 27750 | D:14     | Found a blossoming altar of Fedhas.
 28065 | D:15     | Entered Level 15 of the Dungeon
 28575 | D:15     | Found a staircase to the Depths.
 28575 | D:15     | Noticed a frost giant
 28578 | D:15     | Killed a frost giant
 29209 | D:15     | Found Ogubb's Assorted Antiques.
 29368 | D:15     | Reached skill level 15 in Spellcasting
 30151 | D:15     | Bought 3 scrolls labelled WANIOJA YDAWO for 51 gold pieces
 30151 | D:15     | Bought a transparent iron ring for 85 gold pieces
 30151 | D:15     | Identified the ring "Icemeb" {Fly rF+ Str+5 Int-4} (You
                  | bought it in a shop on level 15 of the Dungeon)
 30151 | D:15     | Bought a transparent hand axe for 136 gold pieces
 30151 | D:15     | Identified the +8 hand axe "Alaowil" {speed, rPois rN+
                  | Int-4} (You bought it in a shop on level 15 of the Dungeon)
 30601 | Lair:6   | Entered Level 6 of the Lair of Beasts
 30609 | Lair:6   | Offered knowledge of Lee's Rapid Deconstruction by Vehumet.
 30916 | Lair:6   | Reached XP level 15. HP: 86/86 MP: 30/36
 31358 | Lair:6   | Slain by a white ugly thing

Illustrated notes

Levels and vault maps discovered:
D:1:      tarquinn_simple_flora_water_f, layout_basic,
          dreamdust_ecumenical_altar_grove, serial_forest,
          infiniplex_forest_split, infiniplex_forest_zigzag_1,
          infiniplex_forest_zigzag_1, infiniplex_forest_end_2,
          infiniplex_forest_pool, infiniplex_forest_zigzag_1,
          infiniplex_forest_clump_tiny
D:2:      layout_loops_cross, kennysheep_donut
D:3:      layout_basic, elyvilon_altar_1
D:4:      layout_basic, nicolae_ru_awakened_eye, trog_antimagical
D:5:      layout_basic, serial_rivers, chequers_serial_rivers_small_3,
          chequers_serial_rivers_micro_b, chequers_serial_rivers_micro_d,
          chequers_serial_rivers_small_a, chequers_serial_rivers_small_a,
          uniq_menkaure, uniq_edmund
D:6:      layout_loops_ring, mainiacjoe_overflow_24_doors, fiery_altar_vehumet,
          minmay_temple_entry_drinking_statues, chequers_avenue
D:7:      layout_basic, enter_bailey_5, st_stairs_7
D:8:      layout_loops_cross, mainiacjoe_overflow_large_starburst,
          nicolae_overflow_hidden_temple
D:9:      layout_roguey, nicolae_hepliaklqana_hazy_memory, kennysheep_nub,
          uniq_erolcha
D:10:     layout_long_grid, mainiacjoe_overflow_catwalk_spiral,
          due_lair_maze_entry_diamond, orc_0_dummy, trove_entry_hex_spiral
D:11:     layout_irregular_city, grunt_decor_arrowhead
D:12:     kennysheep_demon_hangout, layout_irregular_city, serial_shops,
          nicolae_shop_competitors_out_of_business
D:13:     layout_irregular_city, chequers_serial_rivers_large_a,
          grunt_ministairs_10
D:14:     layout_grid_maze, erik_vaults_2, doesnt_xom_only_xom,
          minmay_fractal_squares_gapless_7
D:15:     grunt_enter_depths_snipers, layout_basic, serial_shops,
          nicolae_inconvenience_store, grunt_ministairs_9
Temple:   jpeg_temple_alley_garden
Lair:1:   layout_cave_pods, nicolae_lair_lil_pond
Lair:2:   layout_chaotic_city
Lair:3:   layout_misc_corridors, spider_nest_entry_funnel_web,
          nicolae_volcano_entry_batcave
Lair:4:   layout_misc_corridors, elwin_shoals_entry_rooms,
          infiniplex_staircase_pool, serial_bayou_shore_a, uniq_nergalle
Lair:5:   layout_cave_pods, minmay_slime_entry_oklob_open
Lair:6:   hellmonk_lair_end_abyssal_woods, layout_cave_pods,
          nicolae_quartered_pool_little, serial_bayou_shore_b

Skill      XL: |  1  2  3  4  5  6  7  8  9 10 11 12 13 14 |
---------------+-------------------------------------------+-----
Stealth        | 3 4 6 7 10 12 | 12.0
Spellcasting   | 4 5 6 7 9 12 13 14 15 | 15.7
Conjurations   | 5 7 8 9 10 12 | 12.0
Hexes          | 1 3 4 6 7 9 11 12 | 12.0
Translocations | 3 5 6 7 |  7.0
Earth Magic    | 3 5 9 |  9.4
Fighting       | 3 5 7 |  7.0
Evocations     | 3 5 7 |  7.6
Armour         | 3 |  3.5
Transmutations | 2 5 7 |  7.0
Shields        | 1 4 |  4.0
Dodging        | 4 7 |  7.0

Action                   |  1- 3 |  4- 6 |  7- 9 | 10-12 | 13-15 || total
-------------------------+-------+-------+-------+-------+-------++-------
Melee: Rapier            |       |       |       |     2 |       ||     2
 Fire: Hunting sling     |     4 |    35 |    68 |   111 |    83 ||   301
Throw: Dart              |       |       |       |       |     2 ||     2
 Cast: Magic Dart        |    51 |    21 |       |       |       ||    72
       Searing Ray       |     8 |    25 |    35 |    34 |    19 ||   121
       Fulminant Prism   |       |       |     9 |    49 |   111 ||   169
       Iskenderun's Myst |       |       |     1 |    51 |    58 ||   110
       Stone Arrow       |       |       |    33 |   145 |   179 ||   357
       Iron Shot         |       |       |       |       |    44 ||    44
Evoke: Wand              |       |       |     5 |     7 |     7 ||    19
       Phial of floods   |       |       |       |     1 |     1 ||     2
  Use: Scroll            |     2 |     5 |     6 |    11 |     5 ||    29
       Potion            |       |       |       |     1 |     1 ||     2
Armor: Robe              |     2 |     1 |     8 |    24 |    39 ||    74
       Acid dragon scale |       |       |       |     5 |       ||     5
Dodge: Dodged            |     8 |    14 |    17 |    79 |    88 ||   206
Block: Buckler           |       |       |       |    23 |    25 ||    48

Table legend: (Time is in decaauts)
 A = Elapsed time spent in this place.
 B = Non-inter-level travel time spent in this place.
 C = Inter-level travel time spent in this place.
 D = Time resting spent in this place.
 E = Time spent auto-exploring this place.
 F = Levels seen in this place.
 G = Mean time per level.
                   A        B        C        D        E       F      G
               +--------+--------+--------+--------+--------+-----+--------+
         Total |  31507 |  29484 |   2023 |  13354 |  11706 |  23 | 1369.9 |
       Dungeon |  21190 |  19948 |   1242 |   8814 |   8357 |  15 | 1412.7 |
        Temple |    206 |    198 |      8 |      0 |    179 |   1 |  206.0 |
          Lair |   9131 |   8359 |    772 |   3866 |   3058 |   6 | 1521.8 |
        Bailey |    978 |    978 |      0 |    674 |    111 |   1 |  978.0 |
               +--------+--------+--------+--------+--------+-----+--------+

Top non-repeatable levels by time:
  Lair:1: 2615 daAuts
    D:10: 2354 daAuts
  Lair:5: 2281 daAuts
    D:14: 2244 daAuts
    D:13: 1703 daAuts
     D:5: 1681 daAuts
     D:9: 1628 daAuts
     D:6: 1460 daAuts
  Lair:4: 1447 daAuts
  Lair:2: 1359 daAuts
  Lair:3: 1347 daAuts
    D:15: 1332 daAuts
    D:11: 1278 daAuts
     D:1: 1227 daAuts
     D:7: 1147 daAuts
